 Dungeon Crawl Stone Soup version 0.31.0-32-g396128a36d (webtiles) character file.

Game seed: 7837719294930125693

81067 spaghetti the Shatterer (level 15, 0/270 HPs)
             Began as an Oni Berserker on Mar 22, 2024.
             Was a High Priest of Trog.
             Succumbed to a naga ritualist's splash of poison
             ... on level 1 of the Snake Pit.
             The game lasted 00:15:12 (18969 turns).

spaghetti the Shatterer (Oni Berserker)            Turns: 18969, Time: 00:15:12

Health: 0/270      AC: 18    Str: 25    XL:     15   Next: 69%
Magic:  15/15      EV: 23    Int:  8    God:    Trog [*****.]
Gold:   1391       SH:  0    Dex: 20    Spells: 14/14 levels left

rFire   . . .        n - +7 giant spiked club (spect)
rCold   . . .        (shield currently unavailable)
rNeg    . . .        O - +0 shadow dragon scales
rPois   .            Q - +2 hat {Will+}
rElec   +            S - +0 cloak
rCorr   .            (gloves unavailable)
SInv    +            (boots unavailable)
Will    ++++.        e - amulet of the acrobat Stlth
                     g - ring of see invisible
HPRegen 1.65/turn    K - +6 ring of dexterity
MPRegen 0.14/turn

%: acrobat, clarity
@: berserking, lethally poisoned (0 -> -12), strong-willed, acrobatic,
regenerating, studying Ice Magic, very quick
A: large, unfitting armour, horns 1, tough skin 1, double potion healing,
drunken brawling, hooves 1, iridescent scales 1, clarity, electricity resistance
a: Renounce Religion, Berserk, Trog's Hand, Brothers in Arms


You were on level 1 of the Snake Pit.
You worshipped Trog.
Trog was extremely pleased with you.
You visited 3 branches of the dungeon, and saw 21 of its levels.

You collected 1583 gold pieces.
You spent 192 gold pieces at shops.

Inventory:

Hand Weapons
 n - a +7 spectral giant spiked club (weapon)
Missiles
 H - 17 large rocks (quivered)
Armour
 o - a +0 cloak
 O - +0 shadow dragon scales (worn)
 Q - a +2 hat of willpower (worn)
 S - a +0 cloak (worn)
Jewellery
 b - an amulet of magic regeneration
 e - an amulet of the acrobat (around neck)
 g - a ring of see invisible (left hand)
 m - a ring of positive energy
 t - a ring of ice
 z - a ring of fire
 K - a +6 ring of dexterity (right hand)
Wands
 j - a wand of light (5)
 k - a wand of polymorph (3)
 u - a wand of paralysis (28)
 v - a wand of flame (75)
 J - a wand of iceblast (4)
 N - a wand of mindburst (6)
Scrolls
 a - a scroll of revelation
 c - 4 scrolls of poison
 f - 4 scrolls of blinking
 h - 4 scrolls of enchant armour
 l - 2 scrolls of vulnerability
 p - 6 scrolls of teleportation
 q - 2 scrolls of fog
 r - 3 scrolls of fear
 y - 2 scrolls of immolation
 B - 3 scrolls of identify
 C - 5 scrolls of noise
 D - 3 scrolls of brand weapon
Potions
 d - 7 potions of brilliance
 i - 9 potions of curing
 s - 6 potions of haste
 w - 4 potions of degeneration {unknown}
 x - 5 potions of enlightenment {unknown}
 A - 2 potions of might {unknown}
 E - 3 potions of mutation
 G - a potion of magic {unknown}
 I - 3 potions of heal wounds
 L - 3 potions of ambrosia {unknown}
 M - a potion of attraction
 R - a potion of lignification {unknown}
Miscellaneous
 F - a phial of floods
 P - a lightning rod (4/4)


   Skills:
 + Level 19.4 Fighting
 - Level 22.0 Maces & Flails
 + Level 3.2 Armour
 + Level 4.4 Dodging


You had 14 spell levels left.
You didn't know any spells.
Your spell library was empty.

Dungeon Overview and Level Annotations

Branches:
Dungeon (15/15)            Temple (0/1) D:7            Lair (5/5) D:11
  Swamp (0/4) Lair:2        Snake (1/4) Lair:3        Slime (0/5) Lair:5
    Orc (0/2) D:10         Vaults (0/5) D:14         Depths (0/4) D:15

Altars:
Ashenzari
Dithmenos
Elyvilon
Gozag
Hepliaklqana
Kikubaaqudgha
Qazlal
Ru
Sif Muna
Uskayaw
Vehumet
Xom
The Shining One
Jiyva
Lugonu

Shops:
D:10 !

Annotations:
D:12 2 transporters
Snake:1 1 transporter, PaiMei's ghost, journeyman DsNe


Innate Abilities, Weirdness & Mutations

You are too large for most types of armour.
You have a pair of small horns on your head.
You have tough skin. (AC +1)
You gain doubled healing and magic from potions.
Whenever you drink a healing potion, you attack all around you.
You have large cloven feet.
You are partially covered in iridescent scales. (AC +2)
You possess an exceptional clarity of mind.
You are resistant to electric shocks. (rElec)


Message History

The splash of poison hits you!
You are more poisoned.
* * * LOW HITPOINT WARNING * * *
The naga ritualist constricts you.
* * * LOW HITPOINT WARNING * * *
You sock the naga ritualist! Your kick misses the naga ritualist.
You headbutt the naga ritualist, but do no damage.
The naga ritualist is severely wounded.
* * * LOW HITPOINT WARNING * * *
You feel very sick.
You impale the naga ritualist!!
You kill the naga ritualist!
Trog accepts your kill.
* * * LOW HITPOINT WARNING * * *
You feel very sick.
You miss the black mamba. You headbutt the black mamba!
The black mamba is moderately wounded.
* * * LOW HITPOINT WARNING * * *
You feel very sick.
You barely miss the black mamba. Your headbutt misses the black mamba.
The black mamba is moderately wounded.
* * * LOW HITPOINT WARNING * * *
You feel very sick. The black mamba completely misses you.
You completely miss the black mamba. Your kick misses the black mamba.
Your headbutt misses the black mamba.
The black mamba is moderately wounded.
* * * LOW HITPOINT WARNING * * *
You feel very sick. The black mamba bites you.
* * * LOW HITPOINT WARNING * * *
You crush the black mamba like a grape!!!
You kill the black mamba!
Trog accepts your kill.
* * * LOW HITPOINT WARNING * * *
You feel sick.
You are too berserk!
There is a lethal amount of poison in your body!
There is a lethal amount of poison in your body!
You die...

.....# ....# #.# ..
....+ ###.# .. ...
^...###. ... ....... #.#
...... #)# ..... #@#
#.#.############)######
..........).............
###..#######)..#...####.
#..# #...#....... #..#
#......##### #.<#
.....####
#..............#
.......©.......#


There were no monsters in sight!

Vanquished Creatures
  Gastronok (D:12)
  Kirke (D:15)
  A very ugly thing (D:15)
  2 dire elephants
  A fire dragon (Lair:5)
  Snorg (D:10)
  The ghost of PaiMei the Fighter, a journeyman DsNe of Kikubaaqudgha (D:10)
  An ice dragon (D:10)
  Erolcha (D:10)
  4 hydras
  A vault guard (D:14)
  A centaur warrior (D:13)
  7 boulder beetles
  A death knight (D:15)
  3 two-headed ogres
  A naga warrior (Snake:1)
  2 catoblepae
  An anaconda (Snake:1)
  4 tengu warriors
  10 death yaks
  A naga sharpshooter (Snake:1)
  A spectral dire elephant (Lair:5)
  Amaemon (Lair:2)
  3 skysharks
  2 spectral death yaks (Lair:5)
  A spectral anaconda (Lair:5)
  A naga ritualist (Snake:1)
  A phantasmal warrior (D:15)
  2 bog bodies (Lair:2)
  A lindwurm (Lair:5)
  An obsidian statue (Lair:5)
  An orange crystal statue (D:10)
  4 deep elf pyromancers
  3 necromancers (Lair:5)
  6 ugly things (D:14)
  3 manticores
  5 cyclopes
  A wolf spider (D:15)
  A salamander (D:15)
  5 elephants (Lair:5)
  A guardian serpent (Snake:1)
  14 black mambas
  An orange demon (Lair:2)
  2 efreet
  3 cane toads
  Maggie (D:7)
  3 freezing wraiths
  7 rime drakes
  7 komodo dragons
  A yaktaur (D:14)
  2 ice devils (Lair:5)
  3 tengu conjurers (D:14)
  6 trolls
  3 polar bears
  2 wind drakes (shapeshifter)
  A tarantella (shapeshifter) (D:15)
  15 blink frogs
  6 slime creatures (D:13)
  6 dream sheep (Lair:5)
  Sigmund (D:2)
  2 shadows
  A culicivora (shapeshifter) (D:14)
  5 wraiths
  A vampire (D:9)
  A spriggan (shapeshifter) (D:15)
  3 hogs (D:15)
  33 yaks
  2 wyverns (Lair:1)
  An unseen horror simulacrum (D:10)
  7 basilisks
  3 vampire mosquitoes (D:14)
  4 death yak simulacra (Lair:5)
  A spectral cane toad (Lair:5)
  A naga (Snake:1)
  8 water moccasins
  2 black bears
  2 elephant zombies (Lair:5)
  2 orc warriors
  An ice beast (D:6)
  3 ogres
  9 centaurs
  2 elephant skeletons (Lair:5)
  18 wolves
  2 phantoms
  2 kobold brigands
  10 bullfrogs
  A gnoll sergeant (D:10)
  4 scorpions
  A cane toad simulacrum (Lair:5)
  4 elephant simulacra (Lair:5)
  6 electric eels
  3 howler monkeys
  2 orc priests
  A bombardier beetle (D:4)
  2 gnoll boudas
  5 jellies
  2 sleepcaps
  2 iguanas
  5 orc wizards
  2 centaur simulacra (D:10)
  11 gnolls
  7 adders
  A white imp (D:7)
  2 ufetubi (D:6)
  2 dart slugs
  2 ribbon worms
  17 orcs
  4 endoplasms
  4 giant cockroaches
  3 goblins
  7 hobgoblins
  3 jackals (D:3)
  3 quokkas
  4 ball pythons
  4 bats
  A frilled lizard (D:2)
  22 kobolds
  5 rats
442 creatures vanquished.

Vanquished Creatures (others)
  3 humans (D:15)
  A spectral weapon (Lair:5)
4 creatures vanquished.

Grand Total: 446 creatures vanquished

Notes
Turn   | Place    | Note
-------+----------+-------------------------------------------
     0 | D:1      | spaghetti the Oni Berserker began the quest for the Orb.
     0 | D:1      | Reached XP level 1. HP: 24/24 MP: 1/1
   191 | D:1      | Reached XP level 2. HP: 32/32 MP: 2/2
   400 | D:1      | Found a faded altar of an unknown god.
   779 | D:2      | Reached skill level 4 in Maces & Flails
   779 | D:2      | Reached XP level 3. HP: 39/39 MP: 3/3
   956 | D:2      | Noticed Sigmund
   967 | D:2      | Killed Sigmund
   968 | D:2      | Reached skill level 6 in Maces & Flails
   968 | D:2      | Reached XP level 4. HP: 43/48 MP: 4/4
   968 | D:2      | Reached XP level 5. HP: 48/54 MP: 5/5
  1291 | D:3      | Reached XP level 6. HP: 34/62 MP: 6/6
  1324 | D:3      | Gained mutation: You are clumsy. (Dex -2) [potion of
                  | mutation]
  1324 | D:3      | Gained mutation: Your flesh is heat resistant. (rF+)
                  | [potion of mutation]
  1324 | D:3      | Gained mutation: You are strong-willed. (Will+) [potion of
                  | mutation]
  2067 | D:3      | Found a stormy altar of Qazlal.
  2069 | D:3      | Found a broken altar of Ashenzari.
  2071 | D:3      | Found a hazy altar of Hepliaklqana.
  2079 | D:3      | Found a shimmering blue altar of Sif Muna.
  2084 | D:3      | Found a shimmering altar of Xom.
  2087 | D:3      | Found a shadowy altar of Dithmenos.
  2088 | D:3      | Found an ancient bone altar of Kikubaaqudgha.
  2618 | D:4      | Reached skill level 7 in Maces & Flails
  2827 | D:4      | Reached ** piety under Trog
  3083 | D:4      | Reached XP level 7. HP: 38/70 MP: 7/7
  3604 | D:5      | Entered Level 5 of the Dungeon
  3810 | D:5      | Identified a scroll of acquirement
  3811 | D:5      | Acquired a +4 spectral giant spiked club
  3837 | D:5      | Reached skill level 8 in Maces & Flails
  3859 | D:5      | Found a white marble altar of Elyvilon.
  4129 | D:5      | Reached skill level 9 in Maces & Flails
  4132 | D:5      | Reached XP level 8. HP: 67/78 MP: 8/8
  4316 | D:6      | Reached skill level 10 in Maces & Flails
  4425 | D:6      | Lost mutation: You are strong-willed. (Will+) [potion of
                  | mutation]
  4425 | D:6      | Lost mutation: Your flesh is heat resistant. (rF+) [potion
                  | of mutation]
  4425 | D:6      | Lost mutation: You are clumsy. (Dex -2) [potion of
                  | mutation]
  4425 | D:6      | Gained mutation: You are dopey. (Int -2) [potion of
                  | mutation]
  4425 | D:6      | Gained mutation: Your movements are slightly less
                  | encumbered by armour. (ER -2) [potion of mutation]
  4425 | D:6      | Gained mutation: You possess an exceptional clarity of
                  | mind. [potion of mutation]
  4718 | D:6      | Reached skill level 11 in Maces & Flails
  5169 | D:7      | Noticed Maggie
  5176 | D:7      | Killed Maggie
  5177 | D:7      | Reached XP level 9. HP: 74/84 MP: 9/9
  5258 | D:7      | Reached skill level 12 in Maces & Flails
  5361 | D:7      | Found a radiant altar of Vehumet.
  5763 | D:7      | Found a staircase to the Ecumenical Temple.
  6227 | D:8      | Reached *** piety under Trog
  6318 | D:8      | Found a hide-covered altar of Uskayaw.
  6334 | D:8      | Reached skill level 13 in Maces & Flails
  6817 | D:9      | Noticed a two-headed ogre
  6820 | D:9      | Killed a two-headed ogre
  6824 | D:9      | Reached XP level 10. HP: 92/92 MP: 10/10
  6964 | D:9      | Reached skill level 14 in Maces & Flails
  7503 | D:10     | Entered Level 10 of the Dungeon
  7597 | D:10     | Noticed Snorg
  7601 | D:10     | Found Vigoicus's Distillery.
  7606 | D:10     | Killed Snorg
  7607 | D:10     | Reached skill level 15 in Maces & Flails
  7648 | D:10     | Bought a potion of mutation for 96 gold pieces
  7648 | D:10     | Bought a potion of mutation for 96 gold pieces
  7648 | D:10     | Lost mutation: Your movements are slightly less encumbered
                  | by armour. (ER -2) [potion of mutation]
  7648 | D:10     | Lost mutation: You are dopey. (Int -2) [potion of mutation]
  7648 | D:10     | Gained mutation: You are partially covered in iridescent
                  | scales. (AC +2) [potion of mutation]
  7648 | D:10     | Gained mutation: You have large cloven feet. [potion of
                  | mutation]
  7648 | D:10     | Gained mutation: You are resistant to electric shocks.
                  | (rElec) [potion of mutation]
  7649 | D:10     | Found a staircase to the Orcish Mines.
  7667 | D:10     | Noticed an ice dragon
  7670 | D:10     | Identified the +2 battleaxe of Courage {freeze, rC+}
  7677 | D:10     | Killed an ice dragon
  7678 | D:10     | Reached skill level 16 in Maces & Flails
  7679 | D:10     | Reached XP level 11. HP: 51/100 MP: 11/11
  7794 | D:10     | Noticed a two-headed ogre
  7799 | D:10     | Killed a two-headed ogre
  7864 | D:10     | Noticed Erolcha
  7873 | D:10     | Killed Erolcha
  7874 | D:10     | Reached skill level 17 in Maces & Flails
  8113 | D:10     | Noticed an orange crystal statue
  8134 | D:10     | Killed an orange crystal statue
  8311 | D:10     | Found a runed translucent gate.
  8312 | D:10     | Found a runed translucent gate.
  8312 | D:10     | Found an opulent altar of Gozag.
  8318 | D:10     | Found a runed translucent gate.
  8320 | D:10     | Noticed PaiMei's ghost (journeyman DsNe)
  8320 | D:10     | Noticed an eight-headed hydra
  8534 | D:10     | Killed an eight-headed hydra
  8541 | D:10     | Killed PaiMei's ghost
  8604 | D:11     | Noticed a boulder beetle
  8616 | D:11     | Killed a boulder beetle
  8617 | D:11     | Reached skill level 18 in Maces & Flails
  8674 | D:11     | Reached **** piety under Trog
  8695 | D:11     | Noticed a cyclops
  8705 | D:11     | Killed a cyclops
  8897 | D:11     | Reached XP level 12. HP: 42/107 MP: 12/12
  9068 | D:11     | Found a staircase to the Lair.
  9313 | D:11     | Found a sacrificial altar of Ru.
  9371 | Lair:1   | Entered Level 1 of the Lair of Beasts
  9450 | Lair:1   | Reached skill level 19 in Maces & Flails
  9858 | Lair:1   | Noticed a skyshark
  9863 | Lair:1   | Killed a skyshark
  9980 | Lair:1   | Noticed a death yak
  9981 | Lair:1   | Noticed a death yak
  9982 | Lair:1   | Noticed a death yak
  9982 | Lair:1   | Noticed a death yak
  9986 | Lair:1   | Killed a death yak
  9991 | Lair:1   | Killed a death yak
  9992 | Lair:1   | Reached skill level 20 in Maces & Flails
  9992 | Lair:1   | Killed a death yak
  9994 | Lair:1   | Killed a death yak
 10382 | Lair:2   | Noticed a death yak
 10382 | Lair:2   | Noticed a death yak
 10383 | Lair:2   | Noticed a death yak
 10384 | Lair:2   | Noticed a death yak
 10384 | Lair:2   | Noticed a death yak
 10384 | Lair:2   | Noticed a death yak
 10387 | Lair:2   | Killed a death yak
 10390 | Lair:2   | Killed a death yak
 10392 | Lair:2   | Killed a death yak
 10395 | Lair:2   | Killed a death yak
 10396 | Lair:2   | Reached XP level 13. HP: 114/114 MP: 13/13
 10402 | Lair:2   | Reached skill level 21 in Maces & Flails
 10439 | Lair:2   | Noticed Amaemon
 10447 | Lair:2   | Killed Amaemon
 10447 | Lair:2   | Reached ***** piety under Trog
 10448 | Lair:2   | Found a staircase to the Swamp.
 11195 | Lair:3   | Found a staircase to the Snake Pit.
 11322 | Lair:3   | Reached skill level 22 in Maces & Flails
 11508 | Lair:3   | Found a glowing golden altar of the Shining One.
 11794 | Lair:3   | Reached skill level 5 in Fighting
 12675 | Lair:4   | Received a gift from Trog
 12991 | Lair:5   | Entered Level 5 of the Lair of Beasts
 13371 | Lair:5   | Noticed a dire elephant
 13374 | Lair:5   | Reached skill level 10 in Fighting
 13379 | Lair:5   | Reached XP level 14. HP: 143/143 MP: 14/14
 13594 | Lair:5   | Found a viscous altar of Jiyva.
 13594 | Lair:5   | Found a staircase to the Slime Pits.
 14232 | Lair:5   | Killed a dire elephant
 14787 | Lair:4   | Identified the +7 war axe of the Imbibing Pariah {freeze,
                  | Str+5}
 15006 | D:12     | Reached skill level 15 in Fighting
 15277 | D:12     | Noticed Gastronok
 15291 | D:12     | Killed Gastronok
 15370 | D:12     | Found a transporter.
 15370 | D:12     | Noticed a green very ugly thing
 15371 | D:12     | Found a corrupted altar of Lugonu.
 15586 | D:12     | Found a transporter.
 15806 | D:13     | Found a shadowy altar of Dithmenos.
 16603 | D:14     | Reached XP level 15. HP: 174/174 MP: 15/15
 16936 | D:14     | Received a gift from Trog
 17531 | D:14     | Found a gate to the Vaults.
 17618 | D:15     | Entered Level 15 of the Dungeon
 17800 | D:15     | Noticed Kirke
 17812 | D:15     | Reached skill level 1 in Armour
 17819 | D:15     | Killed Kirke
 18481 | D:15     | Found a faded altar of an unknown god.
 18489 | D:15     | Found a hazy altar of Hepliaklqana.
 18491 | D:15     | Found a faded altar of an unknown god.
 18606 | D:15     | Found a staircase to the Depths.
 18922 | Snake:1  | Entered Level 1 of the Snake Pit
 18922 | Snake:1  | Noticed PaiMei's ghost (journeyman DsNe)
 18922 | Snake:1  | Found a transporter.
 18965 | Snake:1  | HP: 12/270 [poisoned by a naga ritualist (splash of
                  | poison)]
 18967 | Snake:1  | HP: 5/270 [black mamba[a naga ritualist] (1)]
 18969 | Snake:1  | Succumbed to a naga ritualist's splash of poison

Illustrated notes

Levels and vault maps discovered:
D:1:      lordsloth_arrival_two_stooges, layout_rooms,
          shapermc_ecumenical_altar_mp_vishouse, minmay_cut_off
D:2:      layout_basic, uniq_sigmund
D:3:      layout_basic, nicolae_overflow_hallway_of_the_gods
D:4:      layout_loops_cross, serial_co_window_serial,
          co_window_of_opportunity_a, co_window_paths_b, co_window_paths_a,
          co_window_paths_a, co_window_corner_a, co_window_2corner,
          co_window_paths_c, co_window_broadway_a, co_window_broadway_b,
          chequers_serial_rivers_small_b, dk_rats_in_the_wall
D:5:      layout_rooms, elyvilon_altar_1, st_stairs_3
D:6:      layout_basic
D:7:      layout_cave_pods, vehumet_altar_wand_db, minmay_temple_entry_ruins,
          uniq_maggie
D:8:      layout_loops_cross, mainiacjoe_overflow_chevrons
D:9:      layout_cave_pools
D:10:     minmay_coctagon, layout_irregular_city, ebering_ghost_gozag,
          serial_shops, shop, reono_crystal_passage, minivault_16,
          nicolae_water_bricks, uniq_snorg, uniq_erolcha
D:11:     layout_irregular_city, david_lair_shrubbed,
          nicolae_ru_the_path_less_chosen
D:12:     gammafunk_corrupted_shrine, layout_cave_pods, lightli_corner_chamber,
          uniq_gastronok
D:13:     layout_basic, grunt_dithmenos_smoke
D:14:     layout_loops_ring, david_vaults_5,
          nicolae_concentric_dashed_squares_wild
D:15:     hangedman_depths_entry_try_elsewhere_first, layout_loops_ring,
          grunt_decor_fettered, nicolae_hepliaklqana_ecumenical_no_more,
          uniq_kirke
Lair:1:   layout_cellular_growth, grunt_megastairs_1
Lair:2:   layout_loops_ring, skrybe_swamp_entry_bodies, gauntlet_entry_generic,
          lemuel_fruit_tree, serial_bayou_shore_b, uniq_amaemon
Lair:3:   layout_cave_pods, dummy_snake_entry, basic_altar, st_stairs_12,
          serial_bayou_shore_a, infiniplex_staircase_pool_2,
          serial_bayou_shore_b, grunt_megastairs_5
Lair:4:   layout_small_grid, kennysheep_catoblepas_arena
Lair:5:   due_jungle_book, layout_small_grid, dpeg_slime_entry_enclosed,
          portal_ice_cave_demonic_guard, hellmonk_talismancer
Snake:1:  layout_basic, gammafunk_ghost_arena, uniq_frances, uniq_aizul

Skill      XL: |  1  2  3  4  5  6  7  8  9 10 11 12 13 14 15 |
---------------+----------------------------------------------+-----
Maces & Flails | 4 6 7 9 11 13 16 18 20 22 | 22.0
Fighting       | 10 17 19 | 19.4
Dodging        | 4 |  4.4
Armour         | 3 |  3.2

Action                     |  1- 3 |  4- 6 |  7- 9 | 10-12 | 13-15 || total
---------------------------+-------+-------+-------+-------+-------++-------
  Melee: Mace              |    39 |   116 |    27 |       |       ||   182
         Headbutt          |     5 |    15 |    15 |    36 |    90 ||   161
         Punch             |     2 |     2 |     1 |       |       ||     5
         Giant spiked club |       |       |   111 |   215 |   440 ||   766
         Kick              |       |       |       |    42 |   152 ||   194
  Throw: Large rock        |       |       |       |     2 |       ||     2
 Invoke: Berserk           |       |     3 |     5 |     8 |     8 ||    24
         Trog's Hand       |       |       |       |       |     1 ||     1
  Evoke: Wand              |       |       |       |     3 |       ||     3
    Use: Scroll            |       |     6 |     5 |     1 |     9 ||    21
         Potion            |       |     3 |     1 |     2 |       ||     6
   Stab: Sleeping          |       |       |     1 |       |     4 ||     5
         Distracted        |       |       |       |     2 |     5 ||     7
         Paralysed         |       |       |       |     2 |       ||     2
 Armour: Animal skin       |    18 |   106 |   126 |    11 |       ||   261
         Troll leather arm |       |       |       |   182 |   145 ||   327
         Shadow dragon sca |       |       |       |       |   144 ||   144
  Dodge: Dodged            |    22 |    79 |    95 |   156 |   168 ||   520
